 Dungeon Crawl Stone Soup version 0.21.1-1-g345015fe64 (webtiles) character file.

69 Faustar the Insei (level 3, 0/27 HPs)
             Began as a Demigod Transmuter on Feb 9, 2018.
             Slain by a gnoll
             ... wielding a +0 halberd
              (14 damage)
             ... on level 2 of the Dungeon.
             The game lasted 00:02:46 (1797 turns).

Faustar the Insei (Demigod Transmuter)              Turns: 1797, Time: 00:02:46

Health: 0/27       AC:  2    Str: 15    XL:     3   Next: 75%
Magic:  8/8        EV: 13    Int: 17    God:
Gold:   32         SH:  0    Dex: 16    Spells: 4/5 levels left

rFire    . . .     SeeInvis +     - Unarmed
rCold    . . .     Gourm    .   (no shield)
rNeg     . . .     Faith    .   b - +0 robe
rPois    +         Spirit   .   (no helmet)
rElec    .         Reflect  .   (no cloak)
rCorr    .         Harm     .   (no gloves)
MR       .....                  (no boots)
Stlth    +.........             (no amulet)
HPRegen  0.09/turn              e - ring of poison resistance
MPRegen  0.11/turn              i - ring of see invisible

@: no status effects
A: high mp 1
a: no special abilities


You were on level 2 of the Dungeon.
You were not hungry.

You visited 1 branch of the dungeon, and saw 2 of its levels.

You collected 32 gold pieces.

Inventory:

Hand Weapons
 h - a +0 dagger
Missiles
 a - 52 arrows
Armour
 b - a +0 robe (worn)
Jewellery
 e - a ring of poison resistance (left hand)
 i - a ring of see invisible (right hand)
 m - an uncursed amulet of regeneration {unknown}
Scrolls
 f - a scroll of enchant weapon {unknown}
 k - 3 scrolls of identify {unknown}
 n - a scroll of amnesia {unknown}
 p - a scroll of remove curse {unknown}
Potions
 g - a potion of heal wounds {unknown}
 j - a potion of degeneration {unknown}
 l - a potion of curing {unknown}
Books
 c - a book of Changes

   Spells                             Type                      Level
   a - Beastly Appendage              Transmutation                1
   b - Sticks to Snakes               Transmutation                2
   c - Spider Form                    Transmutation/Poison         3
   d - Ice Form                       Ice/Transmutation            4
   e - Blade Hands                    Transmutation                5
Comestibles
 d - 4 rations
 o - 7 chunks of flesh


   Skills:
 - Level 0.8 Fighting
 - Level 2.0 Dodging
 - Level 4.1 Unarmed Combat
 - Level 1.9 Spellcasting
 + Level 2.1 Transmutations


You had 4 spell levels left.
You knew the following spells:

 Your Spells              Type           Power        Failure   Level  Hunger
a - Beastly Appendage     Tmut           #.....       9%          1    #......


Dungeon Overview and Level Annotations

Branches:
Dungeon (2/15)


Innate Abilities, Weirdness & Mutations

You have an increased reservoir of magic. (+10% MP)


Message History

You kill the gnoll!
Your Transmutations skill increases to level 2!
The gnoll misses you. The gnoll closely misses you.
You see here a halberd.
You hit the gnoll but do no damage. The gnoll misses you.
You hit the gnoll.
The gnoll is lightly wounded.
The gnoll misses you.
You closely miss the gnoll.
The gnoll is lightly wounded.
You hit the gnoll but do no damage. Your kick misses the gnoll.
The gnoll is lightly wounded.
Your talons disappear.
The gnoll hits you with a halberd!
You closely miss the gnoll.
The gnoll is lightly wounded.
The gnoll hits you with a halberd!
Ouch! That really hurt!
You die...

##### #g@.## #.#(.# #.##.#
####### ##.##.# .......
###..##.#######
.......##...###.(....>##..
....g.(...#####........#.#
"..?...#######...........
g.......................######


You could see a gnoll.

Vanquished Creatures
  A gnoll (D:2)
  An adder (D:2)
  An ooze (D:1)
  A worm (D:2)
  A dart slug (D:1)
  3 leopard geckos (D:1)
  2 giant cockroaches
  6 goblins
  5 hobgoblins
  A ball python (D:1)
  4 bats
  6 frilled lizards
  4 kobolds (D:1)
  5 rats
41 creatures vanquished.

Notes
Turn   | Place    | Note
-------+----------+-------------------------------------------
     0 | D:1      | Faustar the Demigod Transmuter began the quest for the Orb.
     0 | D:1      | Reached XP level 1. HP: 15/15 MP: 5/5
   114 | D:1      | Reached skill level 3 in Unarmed Combat
   234 | D:1      | Reached XP level 2. HP: 9/22 MP: 5/7
  1007 | D:1      | Reached XP level 3. HP: 27/27 MP: 8/8
  1589 | D:2      | Reached skill level 4 in Unarmed Combat
  1797 | D:2      | Slain by a gnoll

Skill      XL: |  1  2  3 |
---------------+----------+-----
Unarmed Combat | 3 4 |  4.1
Dodging        | 2 |  2.0
Transmutations | 2 |  2.1
Fighting       | |  0.8
Spellcasting   | |  1.9

Action                   || total
-------------------------++-------
Melee: Unarmed           ||   128
       Kick              ||    10
       Headbutt          ||     8
       Punch             ||     2
 Cast: Beastly Appendage ||    18
 Stab: Sleeping          ||     1
  Eat: Chunk             ||     3
Armor: Robe              ||    24
Dodge: Dodged            ||    93
